 Dungeon Crawl Stone Soup version 0.25-a0-731-g0472a16d6a (webtiles) character file.

Game seed: 7227099403454466784, levelgen mode: deterministic

669 Iflex the Spear-Bearer (level 7, -3/55 HPs)
             Began as a Merfolk Gladiator on Apr 8, 2020.
             Was an Initiate of Fedhas.
             Killed from afar by Maggie (24 damage)
             ... with a bolt of fire
             ... on level 6 of the Dungeon.
             The game lasted 00:12:35 (5704 turns).

Iflex the Spear-Bearer (Merfolk Gladiator)          Turns: 5704, Time: 00:12:35

Health: -3/55      AC:  4    Str: 15    XL:     7   Next: 58%
Magic:  16/16      EV: 15    Int: 10    God:    Fedhas [......]
Gold:   298        SH:  0    Dex: 16    Spells: 6/6 levels left

rFire    . . .     SeeInvis .   a - +0 trident
rCold    . . .     Gourm    .   (no shield)
rNeg     . . .     Faith    .   b - +0 leather armour
rPois    .         Spirit   .   c - +0 helmet
rElec    .         Reflect  .   (no cloak)
rCorr    .         Harm     .   (no gloves)
MR       .....                  (no boots)
Stlth    ++........             (no amulet)
HPRegen  0.18/turn              m - +2 ring of intelligence
MPRegen  0.15/turn              q - ring of magical power

@: mesmerised
A: change form in water, swift swim, stealthy swim
a: Renounce Religion


You were on level 6 of the Dungeon.
You worshipped Fedhas.
Fedhas was noncommittal.
You were not hungry.

You visited 1 branch of the dungeon, and saw 6 of its levels.

You collected 298 gold pieces.

Inventory:

Hand Weapons
 a - a +0 trident (weapon)
Missiles
 l - a boomerang (quivered)
Armour
 b - a +0 leather armour (worn)
 c - a +0 helmet (worn)
Jewellery
 m - a +2 ring of intelligence (left hand)
 q - a ring of magical power (right hand)
Wands
 t - a wand of flame (13)
 y - a wand of random effects (8)
Scrolls
 e - 2 scrolls of remove curse
 g - 2 scrolls of teleportation
 h - a scroll of blinking
 s - 2 scrolls of amnesia {unknown}
 x - a scroll of magic mapping {unknown}
 z - 2 scrolls of identify
Potions
 i - 2 potions of magic
 j - 2 potions of might
 k - 5 potions of lignification
 n - a potion of mutation {unknown}
 o - 3 potions of flight
 p - 2 potions of curing
 r - a potion of degeneration
 u - a potion of ambrosia {unknown}
 w - a potion of stabbing {unknown}
Comestibles
 f - 12 rations


   Skills:
 * Level 4.4 Fighting
 + Level 8.3 Polearms
 + Level 2.6 Throwing
 - Level 1.4 Armour
 + Level 5.7 Dodging
 + Level 3.1 Stealth


You had 6 spell levels left.
You didn't know any spells.
Your spell library was empty.

Dungeon Overview and Level Annotations

Branches:
Dungeon (6/15)
 Temple: D:4-7

Altars:
Fedhas
Ru
The Shining One

Annotations:
D:5 Dowan, Duvessa
D:6 Maggie


Message History

You reach to attack!
You hit Maggie.
Maggie is severely wounded.
Maggie shouts, "Leave me alone!"
Maggie barely misses you.
Attack whom?
Press: ? - help, Dir - move target cursor, f/p - Maggie
Aim: Maggie, wielding a +1 halberd of flaming and wearing +0 steam dragon scales (severely wounded, mesmerising)
You reach to attack!
You barely miss Maggie.
Maggie is severely wounded.
Maggie hits you from afar with a +1 halberd of flaming!
Maggie burns you.
Attack whom?
Press: ? - help, Dir - move target cursor, f/p - Maggie
Aim: Maggie, wielding a +1 halberd of flaming and wearing +0 steam dragon scales (severely wounded, mesmerising)
You reach to attack!
You hit Maggie.
Maggie is almost dead.
Maggie casts a spell at you. The bolt of fire hits you!!
You die...
Fedhas appreciates your contribution to the ecosystem.

.######.## .#
.# ... #.... .#
.## .... #.#.#
.#
..###.....#....
..
...##.....#....
.# ...##...
#....##.# ...#
#.....@># ..##
#.......# #
#######
#....@.#.#
......#
##.......#
#####.#
####.#### #.#
#.#
#.##########.#
#............#
##############


You could see Maggie.

Vanquished Creatures
  A sky beast (D:6)
  2 ogres
  A centaur (D:5)
  A scorpion (D:4)
  An iguana (D:4)
  A worker ant (D:3)
  7 adders
  3 gnolls (D:3)
  An ooze (D:1)
  3 worms
  3 dart slugs
  3 leopard geckos
  2 orcs
  3 ball pythons
  4 giant cockroaches
  11 goblins
  10 hobgoblins
  13 jackals
  6 quokkas
  7 bats
  6 frilled lizards
  11 kobolds
  A leopard gecko skeleton (D:2)
  A leopard gecko zombie (D:6)
  6 rats
108 creatures vanquished.

Notes
Turn   | Place    | Note
-------+----------+-------------------------------------------
     0 | D:1      | Iflex the Merfolk Gladiator began the quest for the Orb.
     0 | D:1      | Reached XP level 1. HP: 16/16 MP: 1/1
    98 | D:1      | Reached XP level 2. HP: 20/22 MP: 2/2
   244 | D:1      | Reached XP level 3. HP: 8/28 MP: 3/3
   519 | D:1      | Reached skill level 5 in Dodging
   760 | D:1      | Reached skill level 5 in Polearms
  1218 | D:2      | Reached XP level 4. HP: 19/34 MP: 4/4
  1683 | D:2      | Found a sacrificial altar of Ru.
  2214 | D:3      | Reached skill level 1 in Armour
  2393 | D:3      | Reached skill level 6 in Polearms
  2393 | D:3      | Reached XP level 5. HP: 40/40 MP: 5/5
  2872 | D:3      | Reached skill level 1 in Stealth
  3789 | D:4      | Noticed an ogre
  3806 | D:4      | Killed an ogre
  3806 | D:4      | Reached skill level 7 in Polearms
  3806 | D:4      | Reached XP level 6. HP: 18/47 MP: 6/6
  4855 | D:5      | Entered Level 5 of the Dungeon
  4892 | D:5      | Reached XP level 7. HP: 19/53 MP: 7/7
  5230 | D:5      | Reached skill level 8 in Polearms
  5283 | D:5      | Found a glowing golden altar of the Shining One.
  5288 | D:5      | Noticed Duvessa
  5289 | D:5      | Noticed Dowan
  5477 | D:6      | Found a blossoming altar of Fedhas.
  5489 | D:6      | Became a worshipper of Fedhas Madash
  5684 | D:6      | Noticed Maggie
  5704 | D:6      | Killed from afar by Maggie

Levels and vault maps discovered:
D:1:      elethiomel_arrival_maze, layout_basic, minmay_small_reverse_x
D:2:      layout_basic, nicolae_ru_sacrificial_ziggurat
D:3:      layout_basic, grunt_ministairs_6, minmay_ruptured
D:4:      layout_basic, kennysheep_generic_room_11
D:5:      layout_rooms, old_standard_altar, first_ration, uniq_duvessa
D:6:      layout_loops_cross, lemuel_crystal_altar,
          minmay_temple_entry_purple_smoke, uniq_maggie

Skill      XL: |  1  2  3  4  5  6  7 |
---------------+----------------------+-----
Dodging        | 5 |  5.7
Polearms       | 5 6 7 8 |  8.3
Armour         | 1 |  1.4
Fighting       | 3 4 |  4.4
Stealth        | 1 2 3 |  3.1
Throwing       | |  2.6

Action                   |  1- 3 |  4- 6 |  7- 9 || total
-------------------------+-------+-------+-------++-------
Melee: Trident           |   132 |   236 |    49 ||   417
       Unarmed           |       |       |     2 ||     2
Throw: Boomerang         |       |    10 |     5 ||    15
       Throwing net      |       |     2 |     1 ||     3
Evoke: Wand              |       |       |     2 ||     2
  Use: Scroll            |       |     7 |     2 ||     9
       Potion            |       |     1 |       ||     1
 Stab: Sleeping          |     1 |     5 |     1 ||     7
       Held in net/web   |       |     3 |       ||     3
  Eat: Chunk             |       |    13 |     2 ||    15
Armor: Leather armour    |    37 |    26 |     7 ||    70
       Skin              |       |     8 |       ||     8
Dodge: Dodged            |   116 |   148 |    21 ||   285

Table legend:
 A = Non-vault XP
 B = Vault XP
 C = Vault XP percentage of total XP
 D = Non-vault monster count
 E = Vault monster count
 F = Vault count percentage of total count
                 A         B        C        D         E       F
            +---------+---------+-------+---------+---------+-------
      Total |     917 |      39 |   4.1 |      98 |      10 |   9.3
            +---------+---------+-------+---------+---------+-------
        D:1 |      62 |       6 |   8.8 |      30 |       4 |  11.8
        D:2 |      70 |       0 |   0.0 |      27 |       0 |   0.0
        D:3 |     121 |      33 |  21.4 |      23 |       6 |  20.7
        D:4 |     265 |       0 |   0.0 |       8 |       0 |   0.0
        D:5 |     248 |       0 |   0.0 |       4 |       0 |   0.0
        D:6 |     151 |       0 |   0.0 |       6 |       0 |   0.0
            +---------+---------+-------+---------+---------+-------
